 Dungeon Crawl Stone Soup version 0.22.1-1-ga44c0e5 (webtiles) character file.

58 Folque the Stinger (level 3, -1/20 HPs)
             Began as a Deep Elf Venom Mage on Oct 6, 2018.
             Slain by a wyvern skeleton (12 damage)
             ... on level 3 of the Dungeon.
             The game lasted 00:04:38 (2114 turns).

Folque the Stinger (Deep Elf Venom Mage)            Turns: 2114, Time: 00:04:39

Health: -1/20      AC:  3    Str:  5    XL:     3   Next: 76%
Magic:  10/10      EV: 13    Int: 20    God:
Gold:   125        SH:  0    Dex: 15    Spells: 3/9 levels left

rFire    . . .     SeeInvis .   k - +2 short sword (venom)
rCold    . . .     Gourm    .   (no shield)
rNeg     . . .     Faith    .   a - +0 robe
rPois    .         Spirit   .   (no helmet)
rElec    .         Reflect  .   f - +0 cloak
rCorr    .         Harm     .   (no gloves)
MR       .....                  (no boots)
Stlth    ++........             (no amulet)
HPRegen  0.06/turn              (no ring)
MPRegen  0.12/turn              (no ring)

@: no status effects
A: no striking features
a: no special abilities


You were on level 3 of the Dungeon.
You were hungry.

You visited 1 branch of the dungeon, and saw 3 of its levels.

You collected 125 gold pieces.

Inventory:

Hand Weapons
 e - a +0 dagger
 k - a +2 short sword of venom (weapon)
Missiles
 h - 16 poisoned needles
 n - 29 sling bullets
Armour
 a - a +0 robe (worn)
 f - a +0 cloak (worn)
Scrolls
 b - 2 scrolls of remove curse
 m - a scroll of magic mapping {unknown}
Potions
 d - a potion of degeneration {unknown}
 g - a potion of flight {unknown}
 i - 2 potions of heal wounds {unknown}
 j - a potion of mutation {unknown}
 l - a potion of invisibility {unknown}
 o - a potion of lignification {unknown}
Comestibles
 c - 5 rations


   Skills:
 + Level 1.2 Fighting
 - Level 2.4 Dodging
 - Level 2.4 Stealth
 + Level 3.8 Spellcasting
 - Level 1.1 Conjurations
 * Level 4.3 Poison Magic


You had 3 spell levels left.
You knew the following spells:

 Your Spells              Type           Power        Failure   Level  Hunger
a - Sting                 Conj/Pois      ##..         4%          1    None
b - Poisonous Vapours     Pois/Air       ##....       9%          2    ##.....
c - Mephitic Cloud        Conj/Pois/Air  ##......     19%         3    ###....

Your spell library contained the following spells:

 Spells                   Type           Power        Failure   Level  Hunger
 Olgreb's Toxic Radiance  Pois           ###.....     22%         4    ####...
 Venom Bolt               Conj/Pois      ##........   75%         5    ######.


Dungeon Overview and Level Annotations

Branches:
Dungeon (3/15)

Altars:


Message History

Found 10 gold pieces.
The helpless quokka fails to defend itself.
You hit the quokka.
The quokka is poisoned.
The quokka is almost dead.
You kill the quokka!
A wyvern skeleton comes into view.
A ball python comes into view.
The ball python hisses angrily.
The helpless goblin fails to defend itself.
You puncture the goblin!
You kill the goblin!
Casting: Poisonous Vapours (safe; 9% risk of failure)
Confirm with . or Enter, or press ? or * to list all spells.
You can't see any susceptible monsters within range! (Use Z to cast anyway.)
The wyvern skeleton bites you. The wyvern skeleton bites you!
There is a stone staircase leading up here.
The wyvern skeleton bites you!
Ouch! That really hurt!
You die...

......).....#
##....< ##.#...#
#...(## ##....#
#.##.# #...###
###.##.# #.#.####
#...##..
#####..<...#
##.#####.#
............#
###..# .#
####....SZ..#
#...## .#
#...##..@..###.###
.. #$##
#.........# #.
#.....##### .
#...##### .?.###
..## #


You could see a ball python and a wyvern skeleton.

Vanquished Creatures
  2 adders (D:2)
  A worm (D:2)
  3 dart slugs (D:1)
  A leopard gecko (D:1)
  2 ball pythons
  A giant cockroach (D:1)
  3 goblins
  2 hobgoblins (D:1)
  A quokka (D:3)
  6 bats
  2 frilled lizards (D:1)
  4 kobolds
  3 rats
31 creatures vanquished.

Notes
Turn   | Place    | Note
-------+----------+-------------------------------------------
     0 | D:1      | Folque the Deep Elf Venom Mage began the quest for the Orb.
     0 | D:1      | Reached XP level 1. HP: 10/10 MP: 6/6
   165 | D:1      | Reached XP level 2. HP: 16/16 MP: 4/8
   772 | D:1      | Reached skill level 4 in Poison Magic
   778 | D:1      | Learned a level 2 spell: Poisonous Vapours
   943 | D:2      | Reached XP level 3. HP: 13/20 MP: 3/10
  1120 | D:2      | Learned a level 3 spell: Mephitic Cloud
  1223 | D:2      | Reached skill level 1 in Fighting
  2114 | D:3      | Slain by a wyvern skeleton

Skill      XL: |  1  2  3 |
---------------+----------+-----
Poison Magic   | 4 |  4.3
Fighting       | 1 |  1.2
Dodging        | |  2.4
Stealth        | |  2.4
Spellcasting   | |  3.8
Conjurations   | |  1.1

Action                   || total
-------------------------++-------
Melee: Dagger            ||    33
       Short sword       ||     9
 Cast: Sting             ||    25
       Poisonous Vapours ||     5
  Use: Scroll            ||     1
 Stab: Sleeping          ||    13
  Eat: Chunk             ||     3
Armor: Robe              ||     8
Dodge: Dodged            ||    24
